 Dungeon Crawl Stone Soup version 0.29-a0-923-g6e406bff71 (webtiles) character file.

Game seed: 13820193935440349328

60 Elmgren the Digger (level 4, 0/24 HPs)
             Began as a Gargoyle Earth Elementalist on July 28, 2022.
             Slain by Sigmund
             ... wielding a +2 scythe of protection
              (6 damage)
             ... on level 2 of the Dungeon.
             The game lasted 00:10:04 (3449 turns).

Elmgren the Digger (Gargoyle Earth Elementalist)    Turns: 3449, Time: 00:10:04

Health: 0/24       AC:  5    Str: 12    XL:     4   Next: 4%
Magic:  2/7        EV: 11    Int: 17    God:
Gold:   120        SH:  0    Dex: 10    Spells: 2/8 levels left

rFire   . . .      SeeInvis .   k - +0 dagger
rCold   . . .      Faith    .   (no shield)
rNeg    + . .      Spirit   .   a - +0 robe
rPois   ∞          Reflect  .   (no helmet)
rElec   +          Harm     .   (no cloak)
rCorr   .          Rampage  .   (no gloves)
Will    .....                   (no boots)
Stlth   ++........              (no amulet)
HPRegen 0.08/turn               (no ring)
MPRegen 0.10/turn               (no ring)

@: no status effects
A: sickness immunity, AC +3, negative energy resistance 1, electricity
resistance, torment resistance 1, petrification resistance
a: no special abilities


You were on level 2 of the Dungeon.
You visited 1 branch of the dungeon, and saw 2 of its levels.

You collected 120 gold pieces.

Inventory:

Hand Weapons
 k - a +0 dagger (weapon)
Armour
 a - a +0 robe (worn)
Scrolls
 c - a scroll of poison {unknown}
 e - 2 scrolls of enchant weapon {unknown}
 f - a scroll of acquirement {unknown}
 h - 2 scrolls of identify {unknown}
 i - 2 scrolls of magic mapping {unknown}
 j - 2 scrolls of noise {unknown}
 l - a scroll of teleportation {unknown}
 n - a scroll of amnesia {unknown}
Potions
 b - 2 potions of magic
 d - 2 potions of heal wounds {unknown}
 g - a potion of brilliance {unknown}
 m - 2 potions of curing {unknown}


   Skills:
 - Level 1.5 Dodging
 + Level 3.0 Stealth
 + Level 2.5 Spellcasting
 + Level 1.6 Transmutations
 + Level 4.2 Earth Magic


You had 2 spell levels left.
You knew the following spells:

 Your Spells              Type           Power      Damage    Failure   Level
a - Sandblast             Erth           32%        2d9       3%          1
b - Passwall              Tmut/Erth      10%        N/A       9%          2
c - Stone Arrow           Conj/Erth      18%        3d8       22%         3

Your spell library contained the following spells:

 Spells                   Type           Power      Damage    Failure   Level
 Petrify                  Tmut/Erth      12%        N/A       47%         4


Dungeon Overview and Level Annotations

Branches:
Dungeon (2/15)

Altars:

Annotations:
D:2 Sigmund


Innate Abilities, Weirdness & Mutations

You are immune to sickness and miasma.
Your stone body is resilient. (AC +3)
You are immune to poison.
You resist negative energy. (rN+)
You are resistant to electric shocks. (rElec)
You are resistant to unholy torment.
You are immune to petrification.


Message History

The adder attacks as you move away! The adder bites you.
The adder closely misses you. The adder attacks as you move away!
The adder bites you. The adder attacks as you move away!
The adder barely misses you. The adder closely misses you.
Casting: Sandblast (safe; 3% risk of failure)
Confirm with . or Enter, or press ? or * to list all spells.
Aiming: Sandblast (safe; 3% risk of failure)
Press: ? - help, Shift-Dir - straight line, f/p - Sigmund
Aim: Sigmund, wielding a +2 scythe of protection and wearing a +0 robe (lightly wounded, 80% to hit)
The blast of sand misses the adder.
The blast of sand hits Sigmund but does no damage.
Sigmund is lightly wounded.
The adder bites you but does no damage. x2
Sigmund breathes a few words.
Sigmund's hands start flickering wildly.
Sigmund barely misses you.
Sigmund mumbles some strange words.
Sigmund flickers and vanishes!
Deactivating autopickup; reactivate with Ctrl-A.
Casting: Sandblast (safe; 3% risk of failure)
Confirm with . or Enter, or press ? or * to list all spells.
Aiming: Sandblast (safe; 3% risk of failure)
Press: ? - help, Shift-Dir - straight line, f - adder
Aim: an adder (heavily wounded, 70% to hit)
The blast of sand misses the adder.
The blast of sand hits something.
The adder barely misses you. The adder closely misses you. The adder bites you.
* * * LOW HITPOINT WARNING * * *
Something hits you.
* * * LOW HITPOINT WARNING * * *
Casting: Sandblast (safe; 3% risk of failure)
Confirm with . or Enter, or press ? or * to list all spells.
Aiming: Sandblast (safe; 3% risk of failure)
Press: ? - help, Shift-Dir - straight line, f/p - adder
Aim: an adder (heavily wounded, 70% to hit)
The blast of sand misses the adder.
The blast of sand hits something but does no damage.
The adder bites you but does no damage. The adder barely misses you.
Something hits you.
You die...

#..###.# #..# # #..#
#..## .#
#..###.#####†..####..
.....?.........#...
.......#####...#.## #
#.........#
#.........#
#.........#
####...#@## #...#S#
#...#.# #.###.#
#.###.######.#
#.............
######.#####.# #.#
#.#


You could see an adder.

Vanquished Creatures
  An adder (D:2)
  3 dart slugs
  2 orcs (D:2)
  3 ball pythons (D:1)
  3 endoplasms
  7 goblins
  5 hobgoblins
  A quokka (D:1)
  5 bats
  5 frilled lizards
  2 kobolds (D:2)
  4 rats
41 creatures vanquished.

Notes
Turn   | Place    | Note
-------+----------+-------------------------------------------
     0 | D:1      | Elmgren the Gargoyle Earth Elementalist began the quest for
                  | the Orb.
     0 | D:1      | Reached XP level 1. HP: 10/10 MP: 3/3
   212 | D:1      | Reached skill level 1 in Transmutations
   341 | D:1      | Reached XP level 2. HP: 15/15 MP: 1/5
  1264 | D:1      | Learned a level 2 spell: Passwall
  1768 | D:1      | Reached skill level 4 in Earth Magic
  1768 | D:1      | Reached XP level 3. HP: 19/19 MP: 4/6
  1772 | D:1      | Learned a level 3 spell: Stone Arrow
  3046 | D:2      | Found a faded altar of an unknown god.
  3360 | D:2      | Reached XP level 4. HP: 24/24 MP: 4/7
  3429 | D:2      | Noticed Sigmund
  3449 | D:2      | Slain by Sigmund

Illustrated notes

Levels and vault maps discovered:
D:1:      minmay_arrival_statue_studded, layout_basic, minmay_misc_feat_iff,
          minmay_heptomino_d4
D:2:      layout_loops_ring, hellmonk_ecumenical_altar_defaced_shrine,
          uniq_sigmund

Skill      XL: |  1  2  3 |
---------------+----------+-----
Transmutations | 1 |  1.6
Earth Magic    | 4 |  4.2
Stealth        | 3 |  3.0
Dodging        | |  1.5
Spellcasting   | |  2.5

Action                   |  1- 3 |  4- 6 || total
-------------------------+-------+-------++-------
Melee: Dagger            |     1 |       ||     1
 Cast: Sandblast         |    52 |     8 ||    60
       Passwall          |     2 |       ||     2
       Stone Arrow       |     1 |       ||     1
Armor: Robe              |    14 |     7 ||    21
Dodge: Dodged            |    17 |    14 ||    31

Table legend: (Time is in decaauts)
 A = Elapsed time spent in this place.
 B = Non-inter-level travel time spent in this place.
 C = Inter-level travel time spent in this place.
 D = Time resting spent in this place.
 E = Time spent auto-exploring this place.
 F = Levels seen in this place.
 G = Mean time per level.
                   A        B        C        D        E       F      G
               +--------+--------+--------+--------+--------+-----+--------+
         Total |   3507 |   3434 |     73 |   1644 |   1374 |   2 | 1753.5 |
       Dungeon |   3507 |   3434 |     73 |   1644 |   1374 |   2 | 1753.5 |
               +--------+--------+--------+--------+--------+-----+--------+

Top non-repeatable levels by time:
     D:1: 2276 daAuts
     D:2: 1230 daAuts
